AoeStats
← Matayo

Arena

509943717Analyzed
3v3 RM · 4d ago on Sep 28, 2026· 46m 50s· 6 players
Game mode
Random Map
Map size
Normal (6 player)
Population
200
Speed
Normal
Resources
Standard
Victory
Conquest
Starting age
Dark Age
Ending age
Imperial Age
RankedLock teamsTeams togetherTeam positionsShared explorationLock speedFull tech treeHidden civsTurbo modeCheats
Victory
Defeat
🇬🇧 Varangians · United Kingdom
1610
+11
🇺🇸 Vikings · United States
1558
+13
🇳🇴 Ethiopians · Norway
1522
+14
🇨🇿 Britons · Czechia
1540
-15
🇳🇱 Maya · Netherlands
1535
-14
🇨🇿 Hindustanis · Czechia
1380
-9
Arzach
10:28 Feudal Age
11:43 Double-Bit Axe
14:07 Castle Age
12:07 Horse Collar
15:03 Bow Saw
18:41 Heavy Plow
21:16 Wheelbarrow
20:30 Loom
21:34 Gold Mining
24:12 Hand Cart
27:25 Imperial Age
24:55 Fletching
25:15 Crossbowman
27:01 Scale Mail Armor
27:11 Forging
27:43 Capped Ram
29:34 Chemistry
28:40 Bodkin Arrow
28:46 Padded Archer Armor
29:09 Ballistics
28:16 Arbalester
30:25 Bracer
30:41 Leather Archer Armor
30:57 Chain Mail Armor
31:17 Iron Casting
33:27 Thumb Ring
33:07 Elite Shotel Warrior
36:46 Plate Mail Armor
36:26 Arson
39:16 Stone Mining
40:02 Gold Shaft Mining
39:39 Siege Ram
41:01 Masonry
41:43 Heavy Scorpion
42:52 Torsion Engines
43:12 Conscription
45:17 Two-Man Saw
46:11 Siege Engineers
WBM91
11:10 Feudal Age
12:23 Double-Bit Axe
12:22 Horse Collar
14:46 Castle Age
15:50 Bow Saw
15:04 Light Cavalry
18:15 Wheelbarrow
17:55 Scale Barding Armor
20:02 Loom
31:35 Scale Barding Armor
31:51 Forging
34:43 Bloodlines
35:35 Heavy Plow
36:37 Chain Barding Armor
36:24 Husbandry
39:53 Imperial Age
37:43 Gold Mining
38:16 Caravan
38:35 Vendel Legacy
39:53 Iron Casting
40:42 Hand Cart
40:12 Town Watch
40:56 Conscription
40:03 Cavalier
42:04 Plate Barding Armor
41:28 Stone Mining
43:05 Blast Furnace
TrCL.Gyeseongyeon
6:11 Loom
8:37 Feudal Age
9:29 Double-Bit Axe
13:13 Fletching
23:17 Castle Age
21:18 Horse Collar
23:38 Scale Mail Armor
24:04 Bodkin Arrow
24:34 Guard Tower
25:20 Squires
25:37 Chain Mail Armor
34:21 Bow Saw
34:12 Heavy Plow
35:20 Forging
42:29 Imperial Age
40:45 Padded Archer Armor
40:06 Elite Skirmisher
41:51 Ballistics
43:15 Bracer
44:18 Chemistry
43:50 Conscription
44:12 Fortified Wall
44:25 Leather Archer Armor
45:41 Ring Archer Armor
47:40 Plate Mail Armor
47:47 Iron Casting
Holy Heroin
0:26 Loom
10:50 Feudal Age
14:31 Castle Age
13:11 Double-Bit Axe
19:40 Fletching
20:17 Bodkin Arrow
24:23 Padded Archer Armor
26:47 Gold Mining
34:51 Horse Collar
35:28 Bow Saw
37:59 Imperial Age
36:09 Wheelbarrow
35:20 Town Watch
36:30 Scale Mail Armor
36:41 Forging
36:32 Eagle Warrior
37:31 Squires
37:16 Arson
37:55 Heavy Plow
37:46 Stone Mining
39:16 Conscription
40:49 Chain Mail Armor
41:30 Hand Cart
41:19 Elite Eagle Warrior
42:39 Leather Archer Armor
42:56 Plate Mail Armor
43:35 Holcans
44:42 Two-Man Saw
44:48 Iron Casting
Datel
10:34 Feudal Age
9:59 Loom
14:30 Castle Age
15:19 Fletching
31:20 Bodkin Arrow
37:56 Imperial Age
35:19 Crossbowman
36:18 Gold Mining
37:35 Wheelbarrow
37:18 Padded Archer Armor
38:13 Double-Bit Axe
38:10 Horse Collar
39:01 Bracer
39:26 Conscription
38:39 Arbalester
40:22 Hand Cart
40:31 Bow Saw
42:17 Ballistics
42:27 Yeomen
42:31 Padded Archer Armor
43:32 Chemistry
42:39 Siege Engineers
43:21 Gold Shaft Mining
Matayo
8:10 Loom
10:00 Feudal Age
11:11 Double-Bit Axe
14:18 Castle Age
12:31 Horse Collar
21:30 Heavy Plow
21:47 Bow Saw
24:43 Wheelbarrow
24:06 Light Cavalry
25:22 Scale Mail Armor
25:34 Squires
26:33 Chain Mail Armor
26:23 Fletching
26:54 Town Watch
27:18 Stone Mining
28:14 Grand Trunk Road
32:39 Imperial Age
31:05 Hand Cart
31:06 Forging
30:52 Bodkin Arrow
31:51 Ballistics
31:31 Loom
32:50 Iron Casting
32:23 Pikeman
35:21 Chemistry
34:54 Elite Skirmisher
41:06 Two-Man Saw
44:21 Heavy Camel Rider
Connection lost

Rejoining the realm…

Still unreachable

The connection could not be restored.

Session expired

The server has moved on; the page needs a fresh start.